 Dungeon Crawl Stone Soup version 0.20.1-1-g8b1a95d (webtiles) character file.

833 Gremour the Carver (level 7, -6/41 HPs)
             Began as a Gargoyle Fighter on Nov 21, 2017.
             Killed by divine providence
             ... invoked by an orc priest
              (17 damage)
             ... on level 5 of the Dungeon.
             The game lasted 00:21:10 (4327 turns).

Gremour the Carver (Gargoyle Fighter)               Turns: 4327, Time: 00:21:11

Health: -6/41      AC: 11    Str: 20    XL:     7   Next: 98%
Magic:  7/7        EV:  8    Int:  8    God:
Gold:   97         SH:  9    Dex: 11    Spells: 6/6 levels left

rFire    . . .     SeeInvis +   a - +1 long sword
rCold    . . .     Gourm    .   c - +0 shield
rNeg     + . .     Faith    .   u - +1 ring mail of the Dropbear {MR+}
rPois    ∞         Spirit   .   (no helmet)
rElec    +         Reflect  .   (no cloak)
rCorr    .         Harm     .   (no gloves)
MR       +....                  (no boots)
Stlth    +.........             (no amulet)
Regen    0.2/turn               b - ring of see invisible
MPRegen  0.1/turn               (no ring)

@: no status effects
A: negative energy resistance 1, electricity resistance, unbreathing,
petrification resistance, rot immunity, AC +4
a: no special abilities


You were on level 5 of the Dungeon.
You were not hungry.

You visited 1 branch of the dungeon, and saw 5 of its levels.
You also visited: Sewer.

You collected 97 gold pieces.

Inventory:

Hand Weapons
 a - a +1 long sword (weapon)
Armour
 c - a +0 shield (worn)
 u - the +1 ring mail of the Dropbear (worn) {MR+}
   (You found it on level 4 of the Dungeon)

   It affects your resistance to hostile enchantments.
Jewellery
 b - a ring of see invisible (left hand)
Scrolls
 e - a scroll of remove curse
 g - a scroll of amnesia {unknown}
 h - 5 scrolls of identify
 j - a scroll of random uselessness {unknown}
 k - a scroll of teleportation {unknown}
 m - 2 scrolls of enchant armour {unknown}
 n - a scroll of recharging {unknown}
 r - a scroll of enchant weapon
Potions
 i - a potion of degeneration {unknown}
 o - 4 potions of flight
 s - a potion of curing
Comestibles
 d - 8 chunks of flesh
 f - 4 bread rations
 l - a meat ration
 p - 4 fruits
 t - 3 royal jellies


   Skills:
 - Level 3.2 Fighting
 + Level 8.0 Long Blades
 - Level 3.2 Armour
 + Level 3.8 Shields


You had 6 spell levels left.
You didn't know any spells.

Dungeon Overview and Level Annotations

Branches:
Dungeon (5/15)
 Temple: D:4-7

Altars:
Xom
Yredelemnul

Shops:
D:4 =

Annotations:
D:4 490 ring


Innate Abilities, Weirdness & Mutations

You are resistant to torment.
Your stone body is resilient. (AC +4)
You are immune to poison.
You resist negative energy. (rN+)
You are resistant to electric shocks. (rElec)
You can survive without breathing.
You are immune to petrification.
You are immune to rotting.


Message History

Your shield and ring mail of the Dropbear prevent you from hitting the orc priest.
The orc priest is lightly wounded.
The orc priest hits you with a dagger. You block the orc wizard's attack.
The orc barely misses you.
Unknown command.
You slash the orc priest!
The orc priest is heavily wounded.
You block the orc wizard's attack.
The orc priest calls down the wrath of Beogh upon you.
Beogh smites you! The orc hits you but does no damage.
The orc wizard gestures at you while chanting.
The magic dart hits you!
* * * LOW HITPOINT WARNING * * *
You closely miss the orc priest.
The orc priest is heavily wounded.
The orc priest hits you but does no damage.
You block the orc wizard's attack. You block the orc's attack.
The orc priest calls down the wrath of Beogh upon you.
Beogh smites you!
You die...

........)<...........#
.......).............#
.....................#
.....................+
.....................#
######......#####....#
#......#...'....#
#......#.oo#o...#
##......##o@#...o.....#
#....#####..#####.....#
#....#..........#.....#
#..÷.#..........#.....#
#....#..).......# ....#
#....#..........# .(..+
#....'..........# ...#
#....#####..##..#
###... #### ..#


You could see an orc priest, an orc wizard and an orc.

Vanquished Creatures
  Menkaure (D:4)
  Duvessa (D:4)
  An ice beast (D:4)
  A big kobold (Sewer)
  Dowan (D:4)
  The ghost of dscm the Ducker, a weakling DsGl (D:4)
  A centaur zombie (D:5)
  2 worker ants (D:4)
  An orc wizard (D:5)
  A hound skeleton (D:4)
  4 gnolls (D:3)
  8 adders
  A river rat (Sewer)
  A shadow imp (D:3)
  An adder skeleton (D:4)
  5 worms
  3 dart slugs
  A leopard gecko (D:4)
  8 orcs
  A giant cockroach (D:3)
  4 goblins
  5 hobgoblins
  13 jackals
  2 quokkas
  7 bats
  6 frilled lizards
  7 kobolds
  17 rats
  A spectral orc (D:2)
106 creatures vanquished.

Notes
Turn   | Place    | Note
-------+----------+-------------------------------------------
     0 | D:1      | Gremour the Gargoyle Fighter began the quest for the Orb.
     0 | D:1      | Reached XP level 1. HP: 14/14 MP: 1/1
    78 | D:1      | Reached skill level 2 in Long Blades
   114 | D:1      | Reached XP level 2. HP: 14/19 MP: 2/2
   536 | D:1      | Reached XP level 3. HP: 12/23 MP: 3/3
   539 | D:1      | Reached skill level 3 in Long Blades
  1217 | D:2      | Found a basalt altar of Yredelemnul.
  1676 | D:3      | Reached XP level 4. HP: 23/28 MP: 4/4
  1753 | D:3      | Reached skill level 4 in Long Blades
  1774 | D:3      | Reached XP level 5. HP: 26/32 MP: 5/5
  2272 | D:3      | Found a shimmering altar of Xom.
  2500 | D:3      | Reached skill level 5 in Long Blades
  2586 | D:4      | Found a glowing drain.
  2613 | Sewer    | Entered a sewer
  2673 | Sewer    | Noticed a big kobold
  2702 | Sewer    | Killed a big kobold
  2702 | Sewer    | Reached XP level 6. HP: 28/37 MP: 6/6
  2744 | Sewer    | Found a white marble altar of Elyvilon.
  2843 | D:4      | Found Rolepp's Jewellery Shop.
  2849 | D:4      | Noticed dscm's ghost (weakling DsGl)
  3020 | D:4      | Killed dscm's ghost
  3020 | D:4      | Reached skill level 6 in Long Blades
  3337 | D:4      | Got a polished ring mail
  3348 | D:4      | Identified the +1 ring mail of the Dropbear {MR+} (You found it on level 4 of the Dungeon)
  3396 | D:4      | Noticed Duvessa
  3396 | D:4      | Noticed Dowan
  3420 | D:4      | Killed Duvessa
  3420 | D:4      | Reached XP level 7. HP: 22/41 MP: 7/7
  3430 | D:4      | Killed Dowan
  3939 | D:4      | Reached skill level 7 in Long Blades
  3994 | D:4      | Noticed Menkaure
  4005 | D:4      | Killed Menkaure
  4233 | D:5      | Entered Level 5 of the Dungeon
  4293 | D:5      | Reached skill level 8 in Long Blades
  4327 | D:5      | Killed from afar by an orc priest

Skill      XL: |  1  2  3  4  5  6  7 |
---------------+----------------------+-----
Long Blades    | 2 3 4 5 6 8 |  8.0
Fighting       | |  3.2
Armour         | |  3.2
Shields        | |  3.8

Action                   |  1- 3 |  4- 6 |  7- 9 || total
-------------------------+-------+-------+-------++-------
Melee: Long sword        |   131 |   234 |    91 ||   456
  Use: Potion            |       |     5 |     4 ||     9
       Scroll            |       |     3 |       ||     3
  Eat: Chunk             |     2 |     7 |       ||     9
       Meat ration       |       |       |     1 ||     1
Armor: Scale mail        |    91 |    88 |       ||   179
       Skin              |       |    14 |       ||    14
       Ring mail         |       |     7 |    37 ||    44
Dodge: Dodged            |    56 |    58 |    24 ||   138
Block: Shield            |   109 |   117 |    52 ||   278
       Rpst.: Long sword |    22 |    18 |     7 ||    47
